cohdb
Replays
Latest Replays
All Replays
Popular Replays
Top Player Replays
Match Explorer
How It Works
Community
CoH3 Stats
Reddit
Sign in to upload your games and track your stats! →
Sign in with Steam
Match 38144197
Unlisted
Match 38144197
Overview
Messages
Build Orders
End
Royal Engineer Section
Construct Section Command Post
Infantry Section
Infantry Section
Infantry Section
Construct Platoon Command Post
Grenade Package
Humber Armored Car
Selects Indian Artillery Battlegroup
Selects War Cry
Selects Gurkha Rifles Section
Construct Field Infirmary
Gurkha Rifles Section
Infantry Training
Construct Company Command Post
Selects Volunteer Infantry
Selects Artillery Saturation
Unlock M3 Grant Medium Tanks
M3 Grant Medium Tank
Selects Off-map Airburst Barrage
War Cry
M3 Grant Medium Tank
Selects BL5.5 Artillery Emplacement
CMP 15cwt Truck
M3 Grant Medium Tank
Off-map Airburst Barrage
Foot Guards Section
Off-map Airburst Barrage
M3 Grant Medium Tank
Armored Vehicle Training
War Cry
STALKER4732
ezh
kit.ohume
Devochkin
ChaosMar1ne
Howdenn
Nemesis91
Marsouin
0
0
Comments
sign in to comment!
No comments posted yet!